 Dungeon Crawl Stone Soup version 0.30.1-3-gfc49f6343a (webtiles) character file.

Game seed: 3576429312594969470

3663 H0rd4k the Covert (level 10, -14/63 HPs)
             Began as an Octopode Artificer on July 31, 2023.
             Was an Initiate of Gozag.
             Demolished by a yak (16 damage)
             ... on level 10 of the Dungeon.
             The game lasted 00:13:07 (10798 turns).

H0rd4k the Covert (Octopode Artificer)             Turns: 10798, Time: 00:13:07

Health: -14/63     AC:  1    Str: 15 (17) XL:     10   Next: 12%
Magic:  0/13       EV: 15    Int: 18 (19) God:    Gozag
Gold:   320        SH:  0    Dex: 12      Spells: 14/14 levels left

rFire   . .          .
                       - Unarmed
rCold   + . .        (no shield)
rNeg    . . .        (helmet restricted)
rPois   .            i - amulet of guardian spirit
rElec   .            D - +6 ring of strength
rCorr   .            f - ring of protection from cold
SInv    .            (no ring)
Will    .....        (no ring)
Stlth   +++          (no ring)
HPRegen 0.30/turn    (no ring)
MPRegen 0.13/turn    (no ring)
                     (no ring)

%: guardian spirit
@: confused, brilliant, on berserk cooldown, slowed, very slow
A: almost no armour, amphibious, 8 rings, camouflage 1, gelatinous body 1,
(nimble swimmer 1), tentacles
a: Renounce Religion, Potion Petition, Call Merchant, Bribe Branch


You were on level 10 of the Dungeon.
You worshipped Gozag.
Gozag was aware of your devotion.
You visited 2 branches of the dungeon, and saw 11 of its levels.

You collected 534 gold pieces.
You paid 214 gold pieces to Gozag.

Inventory:

Missiles
 h - a throwing net
 k - 4 atropa-tipped darts
 m - 10 poisoned darts
Jewellery
 f - a ring of protection from cold (right tentacle)
 i - an amulet of guardian spirit (around mantle)
 q - an amulet of magic regeneration
 D - a +6 ring of strength (left tentacle)
Wands
 d - a wand of iceblast (19)
 w - a wand of quicksilver (4)
Scrolls
 a - 2 scrolls of poison
 e - 2 scrolls of teleportation
 r - a scroll of magic mapping
 t - 2 scrolls of fear {unknown}
 u - 6 scrolls of identify {unknown}
 y - a scroll of immolation {unknown}
 B - a scroll of torment {unknown}
 C - a scroll of fog {unknown}
Potions
 g - 2 potions of degeneration
 n - 2 potions of attraction
 o - a potion of resistance {unknown}
 p - a potion of heal wounds
 s - 3 potions of lignification {unknown}
 v - a potion of mutation {unknown}
 x - 3 potions of might {unknown}
 z - a potion of magic {unknown}
 A - a potion of curing {unknown}


   Skills:
 - Level 3.5 Fighting
 + Level 0.2(0.3) Short Blades
 + Level 0.2(0.3) Long Blades
 + Level 0.1(0.2) Axes
 + Level 0.1(0.2) Maces & Flails
 + Level 0.1(0.2) Polearms
 + Level 0.1(0.2) Staves
 + Level 0.1 Ranged Weapons
 + Level 0.1 Throwing
 - Level 5.8 Dodging
 - Level 9.7 Stealth
 + Level 0.1 Shields
 - Level 8.5 Unarmed Combat
 * Level 2.6 Spellcasting
 + Level 0.1 Conjurations
 + Level 0.3 Hexes
 + Level 0.1 Summonings
 + Level 0.1 Necromancy
 + Level 0.1 Translocations
 + Level 0.1 Transmutations
 + Level 0.1 Fire Magic
 + Level 0.1 Ice Magic
 + Level 0.1 Air Magic
 + Level 0.1 Earth Magic
 + Level 0.1 Poison Magic
 + Level 0.2 Invocations
 - Level 6.4 Evocations


You had 14 spell levels left.
You didn't know any spells.
Your spell library contained the following spells:

 Spells                   Type           Power      Damage    Failure   Level
 Freeze                   Ice            16%        1d4       16%         1
 Cigotuvi's Dreadful Rot  Necr/Pois/Air  8%         N/A       24%         2
 Frozen Ramparts          Ice            8%         1d2       43%         3
 Hailstorm                Conj/Ice       4%         3d4       43%         3
 Ignite Poison            Fire/Tmut/Pois 4%         N/A       43%         3
 Inner Flame              Hex/Fire       4%         N/A       43%         3
 Flame Wave               Conj/Fire      4%         2d5       85%         4
 Ice Form                 Ice/Tmut       4%         N/A       85%         4
 Sticky Flame             Conj/Fire      4%         2d3       85%         4
 Freezing Cloud           Conj/Ice/Air   2%         6-21      99%         5
 Simulacrum               Ice/Necr       Unusable   N/A       N/A         6

Dungeon Overview and Level Annotations

Branches:
Dungeon (10/15)            Temple (1/1) D:5            Lair (0/5) D:9
    Orc: D:9-12

Altars:
Ashenzari
Cheibriados
Dithmenos
Elyvilon
Gozag
Hepliaklqana
Kikubaaqudgha
Makhleb
Nemelex Xobeh
Okawaru
Qazlal
Ru
Trog
Uskayaw
Vehumet
Xom
Yredelemnul
Zin
The Shining One

Shops:
D:1 *   D:6 (=[*[   D:8 *

Annotations:
D:1 exclusion: downstairs
D:2 1 runed translucent door, exclusion: door, Crazy Yiuf
D:7 exclusion: ice statue
D:8 exclusion: 2 downstairs, Gastronok
D:9 exclusions: troll and 2 yaks


Innate Abilities, Weirdness & Mutations

You cannot wear most types of armour.
You are amphibious.
You can wear up to eight rings at the same time.
Your skin changes colour to match your surroundings (Stealth+).
Your rubbery body absorbs attacks. (AC +1, EV +1)
((You are camouflaged when in or above water. (Stealth+)))
You have tentacles for arms and can constrict up to eight enemies at once.


Message History

It was a potion of brilliance.
You feel clever all of a sudden.
A magic dart appears from out of thin air!
The magic dart hits you. The yak gores you!
It was a potion of berserk rage.
A red film seems to cover your vision as you go berserk!
You feel yourself moving faster!
You feel mighty!
The yak bellows!
You hear a bellow!
The yak gores you!
You feel a strong urge to attack something.
You are confused.
You feel your anger nearly subside.
You are more confused.
You are no longer berserk.
You are exhausted.
You feel yourself slow down.
You are too confused!
Unknown command.
You are too confused!
The yak closely misses you. The yak gores you but does no damage.
The yak attacks as you move away! The yak gores you!
A magic dart appears from out of thin air!
The magic dart hits you!
A puff of flame appears from out of thin air!
The puff of flame hits something.
The yak barely misses you.
The orc warrior hits you with a +0 scimitar!
The yak gores you!
* * * LOW HITPOINT WARNING * * *
Something hits you.
* * * LOW HITPOINT WARNING * * *
The orc warrior hits you with a +0 scimitar!
* * * LOW HITPOINT WARNING * * *
You are too confused!
Unknown command.
Something hits you.
* * * LOW HITPOINT WARNING * * *
The yak attacks as you move away! The yak gores you!
You die...
Your body crumbles into a pile of gold.

.......#....#..Y<.Y,,,,,,,,,,,*,,
.>.....#....#....,,,,,,,,,,,,,*,,
+#######....##'###########*******
..........................,,,,,,,
...............Y..........,,,,,,,
..........................,,,,,,,
...............YY.Y.......,,,,,,,
...............{oY........,,,,,,,
####....#######{@Y..######*******
...#....#,,,,,#.....#,,,,,,,,,,,*
...#....#,,,,,#.....#,,,,,,,,,,,*
...'....#,,,,,#.....+,,,,,,,,,,,*
...#....#,,,,,#.....#,,,,,,,,,,,*
...#....#,,,,,#.....#,,,,,,,,,,,*
.#.######,,,,,#######**,,,,*,,,,*
.#...,*,,,,,,,,*,,,,,,*,,,,******
.#....#,,,,,,,,*,,,,,,*,,,,,,,,,,


You could see 6 yaks and an orc warrior.

Vanquished Creatures
  A fire crab (D:9)
  An unseen horror (D:10)
  A water moccasin (D:9)
  2 sky beasts (D:7)
  3 black bears
  2 orc warriors
  An ice beast (D:6)
  2 ogres (D:5)
  A phantom (D:4)
  3 bullfrogs
  A gnoll sergeant (D:9)
  3 scorpions
  5 wights (D:7)
  4 killer bees
  3 howler monkeys
  2 hounds
  A jelly (D:5)
  4 sleepcaps
  Terence (D:2)
  An orc wizard (D:4)
  4 iguanas
  2 human simulacra (D:9)
  Robin (D:2)
  3 gnolls (D:9)
  7 adders
  A shadow imp (D:3)
  3 white imps
  3 worms
  A dart slug (D:1)
  21 orcs
  7 endoplasms
  A giant cockroach (D:2)
  15 goblins
  10 hobgoblins
  2 jackals (D:5)
  3 quokkas
  8 ball pythons
  7 bats
  8 frilled lizards
  10 kobolds
  3 rats
162 creatures vanquished.

Vanquished Creatures (collateral kills)
  A wight (D:7)
  An orc priest (D:6)
  3 gnolls (D:4)
  2 orcs
7 creatures vanquished.

Vanquished Creatures (others)
  2 wights (D:7)
  2 killer bees (D:7)
  An orc wizard (D:4)
  A gnoll (D:4)
  An orc (D:8)
  A giant cockroach (D:1)
8 creatures vanquished.

Grand Total: 177 creatures vanquished

Notes
Turn   | Place    | Note
-------+----------+-------------------------------------------
     0 | D:1      | H0rd4k the Octopode Artificer began the quest for the Orb.
     0 | D:1      | Reached XP level 1. HP: 13/13 MP: 1/1
    80 | D:1      | Reached XP level 2. HP: 18/18 MP: 2/2
   246 | D:1      | Found Dyraligh's Assorted Antiques.
   324 | D:1      | Reached XP level 3. HP: 23/23 MP: 3/3
   830 | D:2      | Reached skill level 1 in Unarmed Combat
   860 | D:2      | Noticed Robin
   872 | D:1      | Reached skill level 2 in Stealth
  1007 | D:2      | Killed Robin
  1008 | D:2      | Reached XP level 4. HP: 10/28 MP: 2/4
  1350 | D:2      | Found a radiant altar of Vehumet.
  1531 | D:2      | Found a runed translucent door.
  1532 | D:2      | Noticed Crazy Yiuf
  1571 | D:2      | Noticed Terence
  1650 | D:2      | Killed Terence
  1651 | D:2      | Reached skill level 3 in Stealth
  1864 | D:3      | Reached XP level 5. HP: 21/33 MP: 3/5
  3249 | D:4      | Noticed a black bear
  3260 | D:4      | Reached skill level 4 in Stealth
  3481 | D:4      | Killed a black bear
  3482 | D:4      | Reached XP level 6. HP: 39/39 MP: 6/6
  3560 | D:4      | Reached skill level 5 in Stealth
  4188 | D:5      | Entered Level 5 of the Dungeon
  4257 | D:5      | Found a white marble altar of Elyvilon.
  4257 | D:5      | Found a hide-covered altar of Uskayaw.
  4295 | D:5      | Reached XP level 7. HP: 41/44 MP: 7/7
  4393 | D:5      | Reached skill level 6 in Stealth
  4997 | D:5      | Reached skill level 7 in Stealth
  5129 | D:5      | Found a staircase to the Ecumenical Temple.
  5232 | Temple   | Entered the Ecumenical Temple
  5439 | D:6      | Found Gif Irchow's Jewellery Shop.
  5500 | D:6      | Reached XP level 8. HP: 48/50 MP: 8/8
  5663 | D:6      | Reached skill level 5 in Unarmed Combat
  5808 | D:6      | Found a shimmering altar of Xom.
  5813 | D:6      | Found a shimmering altar of Xom.
  5814 | D:6      | Found a shimmering altar of Xom.
  5814 | D:6      | Found a shimmering altar of Xom.
  5815 | D:6      | Found a shimmering altar of Xom.
  5815 | D:6      | Found a shimmering altar of Xom.
  5816 | D:6      | Found a shimmering altar of Xom.
  5864 | D:6      | Found Hubiefeang's Weapon Shoppe.
  5970 | D:6      | Reached skill level 8 in Stealth
  6044 | D:6      | Found Nam Neok's Armour Boutique.
  6364 | D:6      | Found Rexofite's Assorted Antiques.
  6561 | D:6      | Found Weesovod's Antique Armour Emporium.
  6883 | D:7      | Reached skill level 5 in Evocations
  7076 | D:7      | Reached XP level 9. HP: 55/55 MP: 9/9
  7175 | D:7      | Noticed an ice statue
  7307 | D:7      | Reached skill level 5 in Dodging
  7705 | D:7      | Reached skill level 9 in Stealth
  8537 | D:8      | Found a sacrificial altar of Ru.
  8919 | D:8      | Identified the +8 whip of Ahepag {heavy, *Slow rElec Int+4}
  8926 | D:8      | Noticed Gastronok
  8934 | D:8      | HP: 2/57 [Gastronok/the air (21)]
  9220 | D:8      | Found Rosayk's Elemental Accessories.
  9960 | D:9      | Found a staircase to the Lair.
  9960 | D:9      | Noticed a fire crab
  9964 | D:9      | Killed a fire crab
 10098 | D:9      | Found a glowing golden altar of the Shining One.
 10099 | D:9      | Found a shadowy altar of Dithmenos.
 10100 | D:9      | Found an opulent altar of Gozag.
 10105 | D:9      | Became a worshipper of Gozag Ym Sagoz the Greedy
 10151 | D:9      | Reached skill level 1 in Spellcasting
 10151 | D:9      | Reached XP level 10. HP: 55/63 MP: 8/11
 10569 | D:10     | Entered Level 10 of the Dungeon
 10612 | D:10     | Killed an unseen horror
 10798 | D:10     | HP: 2/63 [something (2)]
 10798 | D:10     | Demolished by a yak

Illustrated notes

Levels and vault maps discovered:
D:1:      evilmike_arrival_plus, layout_loops_ring, serial_shops, shop
D:2:      layout_rooms, basic_altar, minmay_misc_feat_x, interstate_on_off,
          chequers_mini_garden, serial_bayou_pond_d,
          hangedman_decor_clover_reticule, chequers_jeans, hangedman_decor_push,
          uniq_terence, uniq_robin, uniq_crazy_yiuf_cottage
D:3:      layout_basic
D:4:      nicolae_cairo_tiling, layout_loops_cross, dk_rats_in_the_wall
D:5:      layout_loops_ring, gammafunk_temple_overflow_pools,
          minmay_temple_entry_antechambers, serial_bayou, serial_bayou_lagoon_a,
          serial_bayou_pond_e, serial_bayou_lagoon_b, serial_bayou_pond_a
D:6:      layout_basic, xom_redecorated, serial_shops, shop_fountains,
          nicolae_shop_tiny_waterfront, nicolae_stop_n_shop_1, shop_fountains,
          nicolae_shop_tiny_real_fake_doors
D:7:      lemuel_ice_statue, layout_loops_corners, kennysheep_generic_room_16
D:8:      layout_gridville, nicolae_ru_awakened_eye, grunt_decor_arrowhead,
          nicolae_elemental_shop, uniq_gastronok
D:9:      layout_cave_pools, gammafunk_temple_overflow_forgotten,
          minmay_lair_entry_lava, bh_circular_ruins
D:10:     layout_grid_maze, nicolae_overflow_hidden_temple
Temple:   nicolae_temple_hex_pool

Skill      XL: |  1  2  3  4  5  6  7  8  9 10 |
---------------+-------------------------------+-----
Evocations     | 4 5 6 |  6.4
Unarmed Combat | 1 2 3 4 6 8 |  8.5
Stealth        | 2 3 4 5 7 8 9 |  9.7
Dodging        | 3 4 5 |  5.8
Fighting       | 2 3 |  3.5
Spellcasting   | 1 2 |  2.6
Short Blades   | |  0.2
Long Blades    | |  0.2
Axes           | |  0.1
Maces & Flails | |  0.1
Polearms       | |  0.1
Staves         | |  0.1
Ranged Weapons | |  0.1
Throwing       | |  0.1
Shields        | |  0.1
Conjurations   | |  0.1
Hexes          | |  0.3
Summonings     | |  0.1
Necromancy     | |  0.1
Translocations | |  0.1
Transmutations | |  0.1
Fire Magic     | |  0.1
Ice Magic      | |  0.1
Air Magic      | |  0.1
Earth Magic    | |  0.1
Poison Magic   | |  0.1
Invocations    | |  0.2

Action                     |  1- 3 |  4- 6 |  7- 9 | 10-12 || total
---------------------------+-------+-------+-------+-------++-------
  Melee: Unarmed           |    83 |   151 |   215 |    12 ||   461
         Constrict         |    27 |    33 |    58 |     1 ||   119
         Tentacles         |    24 |    28 |    65 |     1 ||   118
         Punch             |     1 |     5 |    10 |     1 ||    17
  Evoke: Wand              |     2 |    11 |    41 |     2 ||    56
    Use: Scroll            |       |       |     1 |     4 ||     5
         Potion            |       |       |       |     6 ||     6
   Stab: Sleeping          |     9 |    19 |    15 |       ||    43
         Distracted        |       |       |     3 |       ||     3
 Armour: Skin              |     6 |     7 |     8 |     2 ||    23
  Dodge: Dodged            |    53 |    74 |   133 |    16 ||   276
